 Dungeon Crawl Stone Soup version 0.28.0-43-g3370ac3207 (webtiles) character file.

Game seed: 2061932144300537102

70 pkoi the Ruffian (level 3, -1/30 HPs)
             Began as a Demigod Gladiator on Mar 31, 2022.
             Slain by Grinder (9 damage)
             ... while paralysed by Grinder
             ... on level 3 of the Dungeon.
             The game lasted 00:03:06 (2456 turns).

pkoi the Ruffian (Demigod Gladiator)                Turns: 2456, Time: 00:03:07

Health: -1/30      AC:  5    Str: 19    XL:     3   Next: 76%
Magic:  5/5        EV:  2    Int: 10    God:
Gold:   96         SH:  0    Dex: 15    Spells: 2/2 levels left

rFire   . . .      SeeInvis .     - Unarmed
rCold   . . .      Faith    .   (no shield)
rNeg    . . .      Spirit   .   a - +0 leather armour
rPois   .          Reflect  .   b - +0 helmet
rElec   .          Harm     .   l - +0 cloak
rCorr   .          Rampage  .   (no gloves)
Will    .....                   (no boots)
Stlth   +.........              (no amulet)
HPRegen 0.10/turn               (no ring)
MPRegen 0.09/turn               (no ring)

@: paralysed
A: high MP 1, forlorn, divine attributes
a: no special abilities


You were on level 3 of the Dungeon.
You visited 1 branch of the dungeon, and saw 3 of its levels.

You collected 96 gold pieces.

Inventory:

Hand Weapons
 h - a +0 dagger
Missiles
 c - 3 throwing nets
 k - 6 boomerangs (quivered)
Armour
 a - a +0 leather armour (worn)
 b - a +0 helmet (worn)
 l - a +0 cloak (worn)
Scrolls
 e - 2 scrolls of identify
 g - a scroll of immolation
 i - a scroll of teleportation
Potions
 d - 2 potions of flight
 f - a potion of magic {unknown}
 n - a potion of berserk rage {unknown}
 o - a potion of brilliance {unknown}
 p - a potion of lignification {unknown}


   Skills:
 + Level 2.4 Fighting
 - Level 1.7 Throwing
 + Level 3.2 Dodging
 * Level 3.7 Unarmed Combat


You had 2 spell levels left.
You didn't know any spells.
Your spell library contained the following spells:

 Spells                   Type           Power      Damage    Failure   Level
 Ensorcelled Hibernation  Hex/Ice        0%         N/A       56%         2
 Call Canine Familiar     Summ           0%         N/A       80%         3
 Portal Projectile        Hex/Tloc       0%         N/A       80%         3
 Spider Form              Tmut/Pois      0%         N/A       80%         3
 Anguish                  Hex/Necr       0%         N/A       99%         4
 Leda's Liquefaction      Hex/Erth       0%         N/A       99%         4


Dungeon Overview and Level Annotations

Branches:
Dungeon (3/15)

Annotations:
D:3 Grinder


Innate Abilities, Weirdness & Mutations

You have an increased reservoir of magic. (+10% MP)
You shall have no god before yourself.
Your divine heritage dramatically boosts your attributes as you level up.


Message History

You see here a ball python corpse.
There is an open door here.
Key pressed, stopping explore.
There is a stone staircase leading up here.
Grinder comes into view.
Grinder shouts!
Grinder gestures at you.
You suddenly lose the ability to move!
An endoplasm comes into view.
Grinder gestures at you.
You barely resist.
The endoplasm quivers.
Grinder hits you!
* * * LOW HITPOINT WARNING * * *
Grinder hits you but does no damage.
The endoplasm hits you but does no damage.
Grinder hits you.
* * * LOW HITPOINT WARNING * * *
You writhe in agony.
* * * LOW HITPOINT WARNING * * *
The endoplasm hits you.
* * * LOW HITPOINT WARNING * * *
You can move again.
Unknown command.
Unknown command.
There is a stone staircase leading up here.
Okay, then.
Okay, then.
You aren't carrying any items that you can evoke.
Grinder gestures at you. Pain shoots through your body!
* * * LOW HITPOINT WARNING * * *
Grinder gestures at you.
You shrug off the repeated paralysis!
Grinder gestures at you.
You suddenly lose the ability to move!
Grinder gestures at you.
You shrug off the repeated paralysis!
Grinder hits you!
You die...

##........##.....##########...>..
........####..............#......
........# #...........(..#......
........# #..............#......
........# #..<...........#......
..#'##### #...)..........#......
#.#.# ########.........#......
..#.# #................#......
#.#†######......@.........#......
..#......'.....5...##############
#.########....J....#
#.............#'####
#..##########.#.#
#..#...#....#.#.#
#......##.#.#J#.#
#.##.####.#.#.#.#
#.(.......5<..#.#


You could see Grinder and an endoplasm.

Vanquished Creatures
  2 adders (D:3)
  A dart slug (D:1)
  An orc (D:3)
  5 ball pythons
  3 bats
  6 endoplasms
  7 goblins
  5 hobgoblins
  2 quokkas (D:3)
  4 frilled lizards
  4 kobolds
  4 rats
44 creatures vanquished.

Notes
Turn   | Place    | Note
-------+----------+-------------------------------------------
     0 | D:1      | pkoi the Demigod Gladiator began the quest for the Orb.
     0 | D:1      | Reached XP level 1. HP: 17/17 MP: 3/3
   452 | D:1      | Reached XP level 2. HP: 24/24 MP: 4/4
  1242 | D:2      | Reached XP level 3. HP: 29/29 MP: 5/5
  2436 | D:3      | Noticed Grinder
  2436 | D:3      | Paralysed by Grinder for 6 turns
  2451 | D:3      | Paralysed by Grinder for 7 turns
  2456 | D:3      | Slain by Grinder

Illustrated notes

Levels and vault maps discovered:
D:1:      shiori_arrival_elements, layout_loops_ring,
          hellmonk_ecumenical_altar_blasted
D:2:      layout_basic
D:3:      layout_basic, uniq_grinder

Skill      XL: |  1  2 |
---------------+-------+-----
Fighting       | 2 |  2.4
Unarmed Combat | 3 |  3.7
Dodging        | 3 |  3.2
Throwing       | |  1.7

Action                   || total
-------------------------++-------
Melee: Unarmed           ||   138
       Punch             ||     3
  Use: Scroll            ||     5
 Stab: Sleeping          ||     2
Armor: Leather armour    ||    44
Dodge: Dodged            ||    66
